Patriotes vs Sewer Rats
Created - 29 octobre 2015 at 19:09
Goals
|
| Patriotes |
0 |
1 |
1 |
2 |
| Sewer Rats |
1 |
2 |
5 |
8 |
|
Shots
|
| Patriotes |
10 |
14 |
12 |
36 |
| Sewer Rats |
7 |
9 |
20 |
36 |
|
1st period
1. Sewer Rats , Brandon Sutter 9 (Vojtech Polak, Tim Ramholt) at 18:29
Penalties :
Tom Sestito (Tol) for Interference (Minor) at 1:07, Jhonas Enroth (Tol) for Slashing (Minor) at 12:25 - John-Michael Liles served the penalty
2nd period
2. Patriotes , Tomas Kurka 7 (Andreas Nodl, Christian Hanson) at 4:19
3. Sewer Rats , Nick Palmieri 10 (Brandon Sutter) at 10:29 (PP)
4. Sewer Rats , Nick Palmieri 11 (Brandon Sutter) at 16:37
Penalties :
Nick Palmieri (Tol) for Interference (Minor) at 6:26, A.J Thelen (Nyc) for Roughing (Minor) at 10:19, Patrick Bordeleau (Tol) for Hooking (Minor) at 11:14, Steven Kampfer (Tol) for Holding (Minor) at 14:23
3rd period
5. Sewer Rats , Vojtech Polak 6 (Matt Lashoff) at 5:49
6. Sewer Rats , Matt Lashoff 1 (Brandon Sutter, Kyle Quincey) at 6:17
7. Sewer Rats , Kyle Quincey 2 (Kyle Turris, Matt Lashoff) at 8:54
8. Sewer Rats , Peter Mueller 3 (John-Michael Liles, Mark Mancari) at 14:11 (PP)
9. Sewer Rats , Tim Ramholt 1 (John-Michael Liles, Jhonas Enroth) at 16:19 (PP)
10. Patriotes , Andreas Nodl 10 (Tomas Kurka, Christian Hanson) at 17:06 (PP)
Penalties :
Tyler Myers (Nyc) for Hooking (Minor) at 0:27, Vojtech Polak (Tol) for Hooking (Minor) at 10:37, Zenon Konopka (Nyc) for Hooking (Minor) at 13:37, Dwight King (Nyc) for Roughing (Minor) at 15:45, Patrick Bordeleau (Tol) for Holding (Minor) at 16:47
Goalie Stats
Marek Schwarz (Nyc), 15 saves from 19 shots - (0,789), L, 4-5-1, 45:49 minutes
Jason Missiaen (Nyc), 13 saves from 17 shots - (0,765), 14:11 minutes
Jhonas Enroth (Tol), 34 saves from 36 shots - (0,944), W, 5-2-0, 60:00 minutes
Players Stats for Patriotes
Player Name G A P +/- PIM S H SB GA TA FO MP PP MP PK MP
------------------------------------------------------------------------------------
A.J Thelen 0 0 0 -4 2 1 3 2 0 0 0/0 26:55 7:25 1:43
Andreas Nodl 1 1 2 0 0 5 0 1 2 0 3/7 24:46 6:22 2:15
Andrew Gordon 0 0 0 -3 0 2 1 0 0 0 0/1 18:16 5:26 0:09
Brett Skinner 0 0 0 -1 0 2 4 3 0 0 0/0 20:53 4:46 1:24
Christian Hanson 0 2 2 0 0 1 0 0 0 0 26/40 22:49 6:19 0:21
Dwight King 0 0 0 0 2 4 2 0 0 0 0/0 10:03 0:00 0:08
Fedor Fedorov 0 0 0 -3 0 3 2 0 1 0 0/0 19:00 5:26 0:53
Joe Charlebois 0 0 0 0 0 1 0 1 0 0 0/0 10:47 0:00 1:12
Lauri Tukonen 0 0 0 0 0 3 0 1 0 0 0/0 10:36 0:19 0:00
Matt Calvert 0 0 0 -1 0 1 0 0 1 0 0/0 5:23 0:00 0:00
Nigel Williams 0 0 0 1 0 0 0 0 0 0 0/0 2:26 0:02 0:00
Riley Sheahan 0 0 0 0 0 1 0 1 0 0 3/4 10:51 0:34 0:00
Ryan White 0 0 0 -1 0 1 1 0 0 0 1/4 6:12 0:28 0:00
Ryan Wilson 0 0 0 -1 0 2 1 1 0 0 0/0 20:15 4:46 1:10
Timothy Kunes 0 0 0 0 0 0 0 0 0 0 0/0 10:20 0:00 0:21
Tomas Kurka 1 1 2 0 0 6 1 0 3 2 2/2 24:42 6:19 2:14
Tyler Myers 0 0 0 -3 2 0 2 4 0 0 0/0 28:22 7:27 0:44
Zack Stortini 0 0 0 -1 0 0 1 1 0 0 0/0 5:57 0:00 0:34
Zenon Konopka 0 0 0 -3 2 3 3 0 0 0 5/15 18:06 5:26 0:00
Players Stats for Sewer Rats
Player Name G A P +/- PIM S H SB GA TA FO MP PP MP PK MP
------------------------------------------------------------------------------------
Brandon Sutter 1 3 4 3 0 5 3 1 1 0 15/41 25:34 2:04 6:11
Derek Dorsett 0 0 0 0 0 2 0 1 0 1 0/1 9:27 0:00 3:19
Jared Boll 0 0 0 1 0 1 1 0 0 0 0/0 8:41 0:17 0:00
Jarred Tinordi 0 0 0 0 0 0 0 0 0 0 0/0 2:28 0:00 0:00
John Lammers 0 0 0 1 0 1 0 0 0 0 0/0 10:49 0:00 2:08
John-Michael Liles 0 2 2 1 0 3 1 1 0 0 0/0 26:32 2:18 5:02
Jonathan Paiement 0 0 0 0 0 0 0 0 0 0 0/0 10:35 0:00 1:52
Kyle Quincey 1 1 2 3 0 2 0 2 0 3 0/0 20:25 0:59 5:19
Kyle Turris 0 1 1 1 0 0 0 0 0 0 3/5 9:28 0:17 0:47
Lars Eller 0 0 0 0 0 0 1 0 0 0 0/0 5:32 0:00 0:00
Mark Mancari 0 1 1 0 0 2 1 2 0 0 0/1 17:37 1:13 3:38
Matt Lashoff 1 2 3 3 0 3 0 1 0 1 0/0 20:25 0:59 5:19
Mattias Ekholm 0 0 0 0 0 0 0 0 0 0 0/0 2:59 0:00 0:31
Nick Palmieri 2 0 2 3 2 3 0 1 0 1 0/2 23:55 1:47 4:45
Patrick Bordeleau 0 0 0 0 4 0 0 0 0 0 1/2 14:31 1:13 0:00
Peter Mueller 1 0 1 0 0 4 0 0 0 0 12/17 17:37 1:13 3:38
Steven Kampfer 0 0 0 0 2 0 1 0 0 0 0/0 8:26 0:00 0:00
Tim Ramholt 1 1 2 1 0 4 1 2 0 1 0/0 28:10 2:18 6:23
Tom Sestito 0 0 0 0 2 0 0 0 0 0 0/0 5:43 0:00 0:00
Vojtech Polak 1 1 2 3 2 6 0 2 1 0 2/4 18:47 1:47 0:00
3 Stars
1 - Brandon Sutter (Tol)
2 - Matt Lashoff (Tol)
3 - Nick Palmieri (Tol)
Power Play
Patriotes - 1 on 7 Attempt(s) - 14,29%
Sewer Rats - 3 on 4 Attempt(s) - 75,00%
Penalty Kill
Patriotes - 1 on 4 Attempt(s) - 25,00%
- Score 0 goal in Penalty Kill
Sewer Rats - 6 on 7 Attempt(s) - 85,71%
- Score 0 goal in Penalty Kill
Team Stat
Patriotes - Hits : 21 - Faceoff Wins : 40 - Blocked Shots : 15 - Penalty Minutes : 8
Sewer Rats - Hits : 9 - Faceoff Wins : 33 - Blocked Shots : 13 - Penalty Minutes : 12
Official
Referees : Lee Chris and Watson Brad
Linesman : Brad Kovachik and Pierre Champoux
Game Notes
Jason Missiaen enters game at 5:49 of 3rd period
6:17 of 3rd period - Sewer Rats goal is going for a video replay. After video review, Goal.
Finance
Level 1 -- Attendance: 1595 (79,75%) -- Ticket Income 47 850 $
Level 2 -- Attendance: 754 (75,40%) -- Ticket Income 9 048 $
Total Attendance: 2349 (78,30%)
Total Ticket Income: 56 898 $
Other Income: 2 845 $
Total Income: 59 743 $
Patriotes
5 vs 5 Forward
Center Left Wing Right Wing Time % Phy DF OF
1 Christian Hanson Tomas Kurka Andreas Nodl 40 1 2 2
2 Zenon Konopka Fedor Fedorov Andrew Gordon 30 1 2 2
3 Riley Sheahan Dwight King Lauri Tukonen 20 1 2 2
4 Ryan White Matt Calvert Zack Stortini 10 1 2 2
5 vs 5 Defense
Defense Defense Time % Phy DF OF
1 Tyler Myers A.J Thelen 40 1 2 2
2 Brett Skinner Ryan Wilson 30 1 2 2
3 Joe Charlebois Timothy Kunes 20 1 2 2
4 Nigel Williams Tyler Myers 10 1 2 2
PowerPlay Forward
Center Left Wing Right Wing Time % Phy DF OF
1 Christian Hanson Tomas Kurka Andreas Nodl 60 1 2 2
2 Zenon Konopka Fedor Fedorov Andrew Gordon 40 1 2 2
PowerPlay Defense
Defense Defense Time % Phy DF OF
1 Tyler Myers A.J Thelen 60 1 2 2
2 Brett Skinner Ryan Wilson 40 1 2 2
Penalty Kill 4 Players Forward
Center Wing Time % Phy DF OF
1 Andreas Nodl Tomas Kurka 60 1 2 2
2 Fedor Fedorov Andrew Gordon 40 1 2 2
Penalty Kill 4 Players Defense
Defense Defense Time % Phy DF OF
1 Tyler Myers A.J Thelen 60 1 2 2
2 Brett Skinner Ryan Wilson 40 1 2 2
Penalty Kill - 3 Players Forward
Forward Time % Phy DF OF
1 Andreas Nodl 60 1 2 2
2 Tomas Kurka 40 1 2 2
Penalty Kill - 3 Players Defense
Defense Defense Time % Phy DF OF
1 Tyler Myers A.J Thelen 60 1 2 2
2 Brett Skinner Ryan Wilson 40 1 2 2
4 vs 4 Forward
Center Wing Time % Phy DF OF
1 Andreas Nodl Tomas Kurka 60 1 2 2
2 Fedor Fedorov Andrew Gordon 40 1 2 2
4 vs 4 Defense
Defense Defense Time % Phy DF OF
1 Tyler Myers A.J Thelen 60 1 2 2
2 Brett Skinner Ryan Wilson 40 1 2 2
Last Minutes Offensive
Center Left Wing Right Wing Defense Defense
Christian Hanson Tomas Kurka Andreas Nodl Tyler Myers A.J Thelen
Last Minutes Defensive
Center Left Wing Right Wing Defense Defense
Christian Hanson Tomas Kurka Andreas Nodl Tyler Myers A.J Thelen
Goaltenders
Starting : Marek Schwarz
Backup : Jason Missiaen
Extra Forwards
Normal : Riley Sheahan, Ryan White, Zack Stortini - PP : Riley Sheahan, Ryan White - PK : Zack Stortini
Extra Defensemen
Normal : Nigel Williams, Joe Charlebois, Timothy Kunes - PP : Nigel Williams - PK : Joe Charlebois, Timothy Kunes
Penalty Shots
Andreas Nodl, Tomas Kurka, Fedor Fedorov, Andrew Gordon, Christian Hanson
Sewer Rats
5 vs 5 Forward
Center Left Wing Right Wing Time % Phy DF OF
1 Brandon Sutter Vojtech Polak Nick Palmieri 40 1 2 2
2 Peter Mueller Patrick Bordeleau Mark Mancari 30 1 2 2
3 Kyle Turris John Lammers Jared Boll 20 1 2 2
4 Lars Eller Tom Sestito Derek Dorsett 10 1 2 2
5 vs 5 Defense
Defense Defense Time % Phy DF OF
1 Tim Ramholt John-Michael Liles 40 1 2 2
2 Matt Lashoff Kyle Quincey 30 1 2 2
3 Steven Kampfer Jonathan Paiement 20 1 2 2
4 Mattias Ekholm Jarred Tinordi 10 1 2 2
PowerPlay Forward
Center Left Wing Right Wing Time % Phy DF OF
1 Brandon Sutter Vojtech Polak Nick Palmieri 60 1 2 2
2 Peter Mueller Patrick Bordeleau Mark Mancari 40 1 2 2
PowerPlay Defense
Defense Defense Time % Phy DF OF
1 Tim Ramholt John-Michael Liles 60 1 2 2
2 Matt Lashoff Kyle Quincey 40 1 2 2
Penalty Kill 4 Players Forward
Center Wing Time % Phy DF OF
1 Brandon Sutter Nick Palmieri 60 1 2 2
2 Mark Mancari Peter Mueller 40 1 2 2
Penalty Kill 4 Players Defense
Defense Defense Time % Phy DF OF
1 Tim Ramholt John-Michael Liles 60 1 2 2
2 Matt Lashoff Kyle Quincey 40 1 2 2
Penalty Kill - 3 Players Forward
Forward Time % Phy DF OF
1 Brandon Sutter 60 1 2 2
2 Nick Palmieri 40 1 2 2
Penalty Kill - 3 Players Defense
Defense Defense Time % Phy DF OF
1 Tim Ramholt John-Michael Liles 60 1 2 2
2 Matt Lashoff Kyle Quincey 40 1 2 2
4 vs 4 Forward
Center Wing Time % Phy DF OF
1 Brandon Sutter Nick Palmieri 60 1 2 2
2 Mark Mancari Peter Mueller 40 1 2 2
4 vs 4 Defense
Defense Defense Time % Phy DF OF
1 Tim Ramholt John-Michael Liles 60 1 2 2
2 Matt Lashoff Kyle Quincey 40 1 2 2
Last Minutes Offensive
Center Left Wing Right Wing Defense Defense
Brandon Sutter Vojtech Polak Nick Palmieri Tim Ramholt John-Michael Liles
Last Minutes Defensive
Center Left Wing Right Wing Defense Defense
Brandon Sutter Vojtech Polak Nick Palmieri Tim Ramholt John-Michael Liles
Goaltenders
Starting : Jhonas Enroth
Backup : Cédric Desjardins
Extra Forwards
Normal : Jared Boll, Kyle Turris, Derek Dorsett - PP : Jared Boll, Kyle Turris - PK : Derek Dorsett
Extra Defensemen
Normal : Steven Kampfer, Jonathan Paiement, Mattias Ekholm - PP : Steven Kampfer - PK : Jonathan Paiement, Mattias Ekholm
Penalty Shots
Brandon Sutter, Nick Palmieri, Mark Mancari, Peter Mueller, Vojtech Polak
% Time on Ice - Patriotes
Lines # - Real PCT - Wanted PCT - Time Play
Normal Forward
1 - 37% - 40% - 16:28
2 - 29% - 30% - 12:43
3 - 22% - 20% - 9:56
4 - 12% - 10% - 5:23
Normal Defense
1 - 41% - 40% - 18:12
2 - 32% - 30% - 14:19
3 - 22% - 20% - 9:35
4 - 5% - 10% - 2:24
PP Forward
1 - 55% - 60% - 6:46
2 - 45% - 40% - 5:27
PP Defense
1 - 61% - 60% - 7:27
2 - 39% - 40% - 4:46
PK Forward
1 - 95% - 60% - 3:08
2 - 5% - 40% - 0:09
PK Defense
1 - 64% - 60% - 2:07
2 - 36% - 40% - 1:10
PK3 Forward
1 - 0% - 60%
2 - 0% - 40%
PK3 Defense
1 - 0% - 60%
2 - 0% - 40%
44 Forward
1 - 0% - 60%
2 - 0% - 40%
44 Defense
1 - 0% - 60%
2 - 0% - 40%
Last Minute Offensive - 0:00
Last Minute Defensive - 0:00
Total
Forward - 60:00
Defense - 60:00
|
% Time on Ice - Sewer Rats
Lines # - Real PCT - Wanted PCT - Time Play
Normal Forward
1 - 40% - 40% - 17:55
2 - 29% - 30% - 12:46
3 - 19% - 20% - 8:17
4 - 12% - 10% - 5:32
Normal Defense
1 - 44% - 40% - 19:29
2 - 32% - 30% - 14:07
3 - 19% - 20% - 8:26
4 - 6% - 10% - 2:28
PP Forward
1 - 63% - 60% - 2:04
2 - 37% - 40% - 1:13
PP Defense
1 - 70% - 60% - 2:18
2 - 30% - 40% - 0:59
PK Forward
1 - 70% - 60% - 8:35
2 - 30% - 40% - 3:38
PK Defense
1 - 56% - 60% - 6:54
2 - 44% - 40% - 5:19
PK3 Forward
1 - 0% - 60%
2 - 0% - 40%
PK3 Defense
1 - 0% - 60%
2 - 0% - 40%
44 Forward
1 - 0% - 60%
2 - 0% - 40%
44 Defense
1 - 0% - 60%
2 - 0% - 40%
Last Minute Offensive - 0:00
Last Minute Defensive - 0:00
Total
Forward - 60:00
Defense - 60:00
|
Play by Play
1st period
0:01 of 1st period - Christian Hanson wins face-off versus Brandon Sutter in neutral zone.
0:52 of 1st period - Wrist shot by Jared Boll.
0:52 of 1st period - Shot Blocked by Brett Skinner.
0:54 of 1st period - Slapshot by John-Michael Liles.
0:54 of 1st period - Stopped by Marek Schwarz with a rebound.
0:56 of 1st period - Wrist shot by John Lammers.
0:56 of 1st period - Shot Misses the Net.
1:07 of 1st period - Minor Penalty to Tom Sestito for Interference.
1:08 of 1st period - Christian Hanson wins face-off versus Brandon Sutter in Sewer Rats zone.
3:02 of 1st period - Icing by Andrew Gordon.
3:03 of 1st period - Zenon Konopka wins face-off versus Derek Dorsett in Patriotes zone.
3:07 of 1st period - Penalty to Tom Sestito is over, Tom Sestito is back on ice.
3:30 of 1st period - Jared Boll is hit by Brett Skinner and loses puck.
4:03 of 1st period - Slapshot by Derek Dorsett.
4:03 of 1st period - Shot Misses the Net.
5:30 of 1st period - Wrist shot by Dwight King.
5:30 of 1st period - Stopped by Jhonas Enroth with a rebound.
6:14 of 1st period - Snap shot by Matt Calvert.
6:14 of 1st period - Shot Misses the Net.
6:16 of 1st period - Snap shot by Timothy Kunes.
6:16 of 1st period - Shot Misses the Net.
6:25 of 1st period - Icing by Kyle Quincey.
6:26 of 1st period - Brandon Sutter wins face-off versus Christian Hanson in Sewer Rats zone.
6:50 of 1st period - Off-side.
6:51 of 1st period - Zenon Konopka wins face-off versus Peter Mueller in neutral zone.
6:54 of 1st period - Snap shot by Andrew Gordon.
6:54 of 1st period - Shot Blocked by John-Michael Liles.
6:58 of 1st period - Wrist shot by Andrew Gordon.
6:58 of 1st period - Stopped by Jhonas Enroth without a rebound.
6:59 of 1st period - Christian Hanson wins face-off versus Brandon Sutter in Sewer Rats zone.
7:02 of 1st period - Wrist shot by Andreas Nodl.
7:02 of 1st period - Shot Misses the Net.
8:19 of 1st period - Backhand shot by Fedor Fedorov.
8:19 of 1st period - Stopped by Jhonas Enroth with a rebound.
8:21 of 1st period - Wrist shot by Zenon Konopka.
8:21 of 1st period - Shot Blocked by Kyle Quincey.
8:23 of 1st period - Slapshot by Ryan Wilson.
8:23 of 1st period - Stopped by Jhonas Enroth with a rebound.
8:25 of 1st period - Snap shot by Andrew Gordon.
8:25 of 1st period - Shot Blocked by Matt Lashoff.
8:27 of 1st period - Slapshot by Brett Skinner.
8:27 of 1st period - Deflect By Derek Dorsett.
8:27 of 1st period - Stopped by Jhonas Enroth without a rebound.
8:28 of 1st period - Christian Hanson wins face-off versus Brandon Sutter in Sewer Rats zone.
8:35 of 1st period - Snap shot by Andreas Nodl.
8:35 of 1st period - Stopped by Jhonas Enroth without a rebound.
8:36 of 1st period - Christian Hanson wins face-off versus Brandon Sutter in Sewer Rats zone.
8:49 of 1st period - Wrist shot by Andreas Nodl.
8:49 of 1st period - Shot Misses the Net.
8:51 of 1st period - Snap shot by Tomas Kurka.
8:51 of 1st period - Stopped by Jhonas Enroth with a rebound.
9:09 of 1st period - Snap shot by Peter Mueller.
9:09 of 1st period - Stopped by Marek Schwarz without a rebound.
9:10 of 1st period - Peter Mueller wins face-off versus Christian Hanson in Patriotes zone.
10:01 of 1st period - Nick Palmieri is hit by Zack Stortini and loses puck.
10:31 of 1st period - Wrist shot by Fedor Fedorov.
10:31 of 1st period - Stopped by Jhonas Enroth without a rebound.
10:32 of 1st period - Christian Hanson wins face-off versus Peter Mueller in Sewer Rats zone.
10:53 of 1st period - Mark Mancari is hit by A.J Thelen and loses puck.
11:27 of 1st period - Tomas Kurka is hit by Mark Mancari and loses puck.
11:52 of 1st period - Slapshot by Andreas Nodl.
11:52 of 1st period - Stopped by Jhonas Enroth without a rebound.
11:53 of 1st period - Zenon Konopka wins face-off versus Brandon Sutter in Sewer Rats zone.
12:18 of 1st period - Tim Ramholt is hit by Brett Skinner and loses puck.
12:23 of 1st period - Snap shot by Lauri Tukonen.
12:23 of 1st period - Shot Misses the Net.
12:25 of 1st period - Snap shot by Riley Sheahan.
12:25 of 1st period - Stopped by Jhonas Enroth without a rebound.
12:25 of 1st period - Minor Penalty to Jhonas Enroth for Slashing.
12:26 of 1st period - Brandon Sutter wins face-off versus Zenon Konopka in Sewer Rats zone.
12:55 of 1st period - Andreas Nodl is hit by Brandon Sutter and loses puck.
14:25 of 1st period - Penalty to John-Michael Liles is over, John-Michael Liles is back on ice.
14:48 of 1st period - Slapshot by Derek Dorsett.
14:48 of 1st period - Stopped by Marek Schwarz with a rebound.
14:50 of 1st period - Snap shot by Lars Eller.
14:50 of 1st period - Shot Blocked by Lauri Tukonen.
14:52 of 1st period - Snap shot by Derek Dorsett.
14:52 of 1st period - Stopped by Marek Schwarz with a rebound.
14:54 of 1st period - Snap shot by Lars Eller.
14:54 of 1st period - Shot Misses the Net.
14:56 of 1st period - Slapshot by Mattias Ekholm.
14:56 of 1st period - Shot Misses the Net.
16:54 of 1st period - Lars Eller is hit by Dwight King and loses puck.
18:13 of 1st period - Snap shot by Fedor Fedorov.
18:13 of 1st period - Deflect By Andrew Gordon.
18:13 of 1st period - Shot Blocked by Brandon Sutter.
18:13 of 1st period - Puck is out of play.
18:14 of 1st period - Zenon Konopka wins face-off versus Brandon Sutter in Sewer Rats zone.
18:15 of 1st period - Wrist shot by Fedor Fedorov.
18:15 of 1st period - Shot Misses the Net.
18:21 of 1st period - Wrist shot by Vojtech Polak.
18:21 of 1st period - Shot Misses the Net.
18:23 of 1st period - Snap shot by Tim Ramholt.
18:23 of 1st period - Deflect By A.J Thelen.
18:23 of 1st period - Stopped by Marek Schwarz with a rebound.
18:25 of 1st period - Wrist shot by Brandon Sutter.
18:25 of 1st period - Shot Misses the Net.
18:27 of 1st period - Snap shot by Vojtech Polak.
18:27 of 1st period - Stopped by Marek Schwarz with a rebound.
18:29 of 1st period - Slapshot by Brandon Sutter.
18:29 of 1st period - Goal by Brandon Sutter - Patriotes : 0 - Sewer Rats : 1.
18:30 of 1st period - Andreas Nodl wins face-off versus Brandon Sutter in neutral zone.
18:56 of 1st period - John-Michael Liles is hit by A.J Thelen and loses puck.
19:05 of 1st period - Snap shot by Peter Mueller.
19:05 of 1st period - Shot Blocked by A.J Thelen.
19:21 of 1st period - Andrew Gordon is hit by Lars Eller and loses puck.
Goals for this period are 0 for Patriotes vs 1 for Sewer Rats.
Shots for this period are 10 for Patriotes vs 7 for Sewer Rats.
2nd period
0:01 of 2nd period - Christian Hanson wins face-off versus Brandon Sutter in neutral zone.
0:06 of 2nd period - John-Michael Liles is hit by A.J Thelen and loses puck.
0:11 of 2nd period - Wrist shot by Tomas Kurka.
0:11 of 2nd period - Shot Blocked by Vojtech Polak.
0:13 of 2nd period - Slapshot by A.J Thelen.
0:13 of 2nd period - Shot Misses the Net.
0:15 of 2nd period - Snap shot by Tomas Kurka.
0:15 of 2nd period - Stopped by Jhonas Enroth without a rebound.
0:16 of 2nd period - Peter Mueller wins face-off versus Zenon Konopka in Sewer Rats zone.
0:18 of 2nd period - Icing by Mark Mancari.
0:19 of 2nd period - Patrick Bordeleau wins face-off versus Zenon Konopka in Sewer Rats zone.
0:54 of 2nd period - Snap shot by Andreas Nodl.
0:54 of 2nd period - Shot Blocked by Tim Ramholt.
0:57 of 2nd period - Icing by John-Michael Liles.
0:58 of 2nd period - Brandon Sutter wins face-off versus Zenon Konopka in Sewer Rats zone.
1:17 of 2nd period - Snap shot by Vojtech Polak.
1:17 of 2nd period - Stopped by Marek Schwarz without a rebound.
1:18 of 2nd period - Peter Mueller wins face-off versus Christian Hanson in Patriotes zone.
1:27 of 2nd period - Snap shot by Mark Mancari.
1:27 of 2nd period - Shot Misses the Net.
1:29 of 2nd period - Snap shot by Mark Mancari.
1:29 of 2nd period - Shot Blocked by Tyler Myers.
1:31 of 2nd period - Wrist shot by Peter Mueller.
1:31 of 2nd period - Shot Blocked by A.J Thelen.
2:11 of 2nd period - Riley Sheahan is hit by Jared Boll and loses puck.
2:22 of 2nd period - Wrist shot by Dwight King.
2:22 of 2nd period - Stopped by Jhonas Enroth without a rebound.
2:23 of 2nd period - Brandon Sutter wins face-off versus Christian Hanson in Sewer Rats zone.
2:59 of 2nd period - Wrist shot by Fedor Fedorov.
2:59 of 2nd period - Stopped by Jhonas Enroth without a rebound.
3:00 of 2nd period - Christian Hanson wins face-off versus Vojtech Polak in Sewer Rats zone.
3:09 of 2nd period - Snap shot by Andreas Nodl.
3:09 of 2nd period - Shot Misses the Net.
3:16 of 2nd period - Off-side.
3:17 of 2nd period - Riley Sheahan wins face-off versus Patrick Bordeleau in neutral zone.
3:53 of 2nd period - Icing by Nigel Williams.
3:54 of 2nd period - Christian Hanson wins face-off versus Brandon Sutter in Patriotes zone.
4:13 of 2nd period - Slapshot by Andreas Nodl.
4:13 of 2nd period - Shot Misses the Net.
4:15 of 2nd period - Snap shot by Tomas Kurka.
4:15 of 2nd period - Shot Blocked by Vojtech Polak.
4:17 of 2nd period - Wrist shot by Tomas Kurka.
4:17 of 2nd period - Stopped by Jhonas Enroth with a rebound.
4:19 of 2nd period - Wrist shot by Tomas Kurka.
4:19 of 2nd period - Goal by Tomas Kurka - Patriotes : 1 - Sewer Rats : 1.
4:20 of 2nd period - Brandon Sutter wins face-off versus Andreas Nodl in neutral zone.
4:27 of 2nd period - Backhand shot by Brandon Sutter.
4:27 of 2nd period - Stopped by Marek Schwarz without a rebound.
4:28 of 2nd period - Christian Hanson wins face-off versus Brandon Sutter in Patriotes zone.
4:41 of 2nd period - Wrist shot by Tomas Kurka.
4:41 of 2nd period - Stopped by Jhonas Enroth with a rebound.
4:55 of 2nd period - Slapshot by Ryan Wilson.
4:55 of 2nd period - Deflect By Lauri Tukonen.
4:55 of 2nd period - Stopped by Jhonas Enroth without a rebound.
4:56 of 2nd period - Kyle Turris wins face-off versus Riley Sheahan in Sewer Rats zone.
5:25 of 2nd period - Icing by Mark Mancari.
5:26 of 2nd period - Peter Mueller wins face-off versus Christian Hanson in Sewer Rats zone.
5:26 of 2nd period - Peter Mueller is hit by Brett Skinner.
5:32 of 2nd period - Snap shot by Mark Mancari.
5:32 of 2nd period - Stopped by Marek Schwarz with a rebound.
5:34 of 2nd period - Wrist shot by Mark Mancari.
5:34 of 2nd period - Shot Blocked by Brett Skinner.
5:44 of 2nd period - Snap shot by Mark Mancari.
5:44 of 2nd period - Stopped by Marek Schwarz with a rebound.
5:58 of 2nd period - Off-side.
5:59 of 2nd period - Vojtech Polak wins face-off versus Zenon Konopka in neutral zone.
6:02 of 2nd period - Slapshot by Tim Ramholt.
6:02 of 2nd period - Stopped by Marek Schwarz without a rebound.
6:03 of 2nd period - Zenon Konopka wins face-off versus Brandon Sutter in Patriotes zone.
6:26 of 2nd period - Minor Penalty to Nick Palmieri for Interference.
6:27 of 2nd period - Brandon Sutter wins face-off versus Christian Hanson in Sewer Rats zone.
7:05 of 2nd period - Wrist shot by Zenon Konopka.
7:05 of 2nd period - Stopped by Jhonas Enroth without a rebound.
7:06 of 2nd period - Kyle Turris wins face-off versus Andreas Nodl in Sewer Rats zone.
7:19 of 2nd period - Wrist shot by Tomas Kurka.
7:19 of 2nd period - Shot Misses the Net.
7:39 of 2nd period - Snap shot by John Lammers.
7:39 of 2nd period - Stopped by Marek Schwarz without a rebound.
7:40 of 2nd period - Brandon Sutter wins face-off versus Christian Hanson in Patriotes zone.
8:26 of 2nd period - Penalty to Nick Palmieri is over, Nick Palmieri is back on ice.
8:38 of 2nd period - Off-side.
8:39 of 2nd period - Peter Mueller wins face-off versus Ryan White in neutral zone.
8:47 of 2nd period - Wrist shot by A.J Thelen.
8:47 of 2nd period - Stopped by Jhonas Enroth without a rebound.
8:48 of 2nd period - Christian Hanson wins face-off versus Peter Mueller in Sewer Rats zone.
8:49 of 2nd period - Snap shot by Andreas Nodl.
8:49 of 2nd period - Stopped by Jhonas Enroth without a rebound.
8:50 of 2nd period - Christian Hanson wins face-off versus Brandon Sutter in Sewer Rats zone.
9:15 of 2nd period - Tim Ramholt is hit by Zenon Konopka and loses puck.
10:01 of 2nd period - Brandon Sutter is hit by Tomas Kurka and loses puck.
10:19 of 2nd period - Minor Penalty to A.J Thelen for Roughing.
10:20 of 2nd period - Andreas Nodl wins face-off versus Brandon Sutter in Patriotes zone.
10:27 of 2nd period - Slapshot by Nick Palmieri.
10:27 of 2nd period - Shot Misses the Net.
10:29 of 2nd period - Snap shot by Nick Palmieri.
10:29 of 2nd period - Goal by Nick Palmieri - Patriotes : 1 - Sewer Rats : 2.
10:30 of 2nd period - Brandon Sutter wins face-off versus Christian Hanson in neutral zone.
10:55 of 2nd period - John-Michael Liles is hit by Fedor Fedorov and loses puck.
11:14 of 2nd period - Minor Penalty to Patrick Bordeleau for Hooking.
11:15 of 2nd period - Brandon Sutter wins face-off versus Christian Hanson in Sewer Rats zone.
11:46 of 2nd period - Kyle Quincey is hit by Tyler Myers.
13:14 of 2nd period - Penalty to Patrick Bordeleau is over, Patrick Bordeleau is back on ice.
13:22 of 2nd period - Snap shot by Brandon Sutter.
13:22 of 2nd period - Stopped by Marek Schwarz with a rebound.
13:28 of 2nd period - Brandon Sutter is hit by Ryan White and loses puck.
14:01 of 2nd period - Snap shot by Kyle Turris.
14:01 of 2nd period - Shot Blocked by Joe Charlebois.
14:03 of 2nd period - Snap shot by John-Michael Liles.
14:03 of 2nd period - Shot Misses the Net.
14:23 of 2nd period - Minor Penalty to Steven Kampfer for Holding.
14:24 of 2nd period - Christian Hanson wins face-off versus Mark Mancari in Sewer Rats zone.
14:37 of 2nd period - Kyle Quincey is hit by Tyler Myers and loses puck.
14:57 of 2nd period - Snap shot by Fedor Fedorov.
14:57 of 2nd period - Shot Blocked by Mark Mancari.
14:59 of 2nd period - Slapshot by Andrew Gordon.
14:59 of 2nd period - Shot Blocked by Kyle Quincey.
15:52 of 2nd period - Icing by A.J Thelen.
15:53 of 2nd period - Christian Hanson wins face-off versus Kyle Turris in Patriotes zone.
16:17 of 2nd period - Icing by Ryan Wilson.
16:18 of 2nd period - Christian Hanson wins face-off versus Brandon Sutter in Patriotes zone.
16:23 of 2nd period - Penalty to Steven Kampfer is over, Steven Kampfer is back on ice.
16:35 of 2nd period - Wrist shot by Peter Mueller.
16:35 of 2nd period - Deflect By Patrick Bordeleau.
16:35 of 2nd period - Shot Misses the Net.
16:35 of 2nd period - Puck is out of play.
16:36 of 2nd period - Brandon Sutter wins face-off versus Zenon Konopka in Patriotes zone.
16:37 of 2nd period - Snap shot by Nick Palmieri.
16:37 of 2nd period - Goal by Nick Palmieri - Patriotes : 1 - Sewer Rats : 3.
16:38 of 2nd period - Christian Hanson wins face-off versus Brandon Sutter in neutral zone.
17:34 of 2nd period - Slapshot by Brett Skinner.
17:34 of 2nd period - Stopped by Jhonas Enroth with a rebound.
17:48 of 2nd period - Slapshot by Lauri Tukonen.
17:48 of 2nd period - Shot Blocked by Derek Dorsett.
17:50 of 2nd period - Wrist shot by Riley Sheahan.
17:50 of 2nd period - Shot Misses the Net.
18:19 of 2nd period - Wrist shot by Ryan White.
18:19 of 2nd period - Stopped by Jhonas Enroth without a rebound.
18:20 of 2nd period - Peter Mueller wins face-off versus Zenon Konopka in Sewer Rats zone.
18:25 of 2nd period - Matt Lashoff is hit by Andrew Gordon and loses puck.
19:40 of 2nd period - Backhand shot by Dwight King.
19:40 of 2nd period - Stopped by Jhonas Enroth with a rebound.
19:42 of 2nd period - Wrist shot by Dwight King.
19:42 of 2nd period - Shot Misses the Net.
19:44 of 2nd period - Snap shot by Lauri Tukonen.
19:44 of 2nd period - Stopped by Jhonas Enroth without a rebound.
19:45 of 2nd period - Christian Hanson wins face-off versus Peter Mueller in Sewer Rats zone.
Goals for this period are 1 for Patriotes vs 2 for Sewer Rats.
Shots for this period are 14 for Patriotes vs 9 for Sewer Rats.
3rd period
0:01 of 3rd period - Christian Hanson wins face-off versus Vojtech Polak in neutral zone.
0:27 of 3rd period - Minor Penalty to Tyler Myers for Hooking.
0:28 of 3rd period - Brandon Sutter wins face-off versus Andreas Nodl in Patriotes zone.
1:06 of 3rd period - Snap shot by Matt Lashoff.
1:06 of 3rd period - Deflect By A.J Thelen.
1:06 of 3rd period - Stopped by Marek Schwarz with a rebound.
2:27 of 3rd period - Penalty to Tyler Myers is over, Tyler Myers is back on ice.
2:48 of 3rd period - Wrist shot by Lars Eller.
2:48 of 3rd period - Shot Blocked by Riley Sheahan.
2:50 of 3rd period - Backhand shot by Derek Dorsett.
2:50 of 3rd period - Deflect By Lars Eller.
2:50 of 3rd period - Shot Misses the Net.
2:50 of 3rd period - Puck is out of play.
2:51 of 3rd period - Kyle Turris wins face-off versus Ryan White in Patriotes zone.
3:03 of 3rd period - Slapshot by Jonathan Paiement.
3:03 of 3rd period - Shot Blocked by Zack Stortini.
3:17 of 3rd period - Tyler Myers is hit by Steven Kampfer and loses puck.
4:19 of 3rd period - Slapshot by Matt Calvert.
4:19 of 3rd period - Stopped by Jhonas Enroth with a rebound.
4:21 of 3rd period - Snap shot by Joe Charlebois.
4:21 of 3rd period - Deflect By Tim Ramholt.
4:21 of 3rd period - Stopped by Jhonas Enroth without a rebound.
4:22 of 3rd period - Peter Mueller wins face-off versus Christian Hanson in Sewer Rats zone.
4:38 of 3rd period - Slapshot by Mark Mancari.
4:38 of 3rd period - Shot Misses the Net.
4:48 of 3rd period - John-Michael Liles is hit by Fedor Fedorov and loses puck.
4:57 of 3rd period - Wrist shot by Andrew Gordon.
4:57 of 3rd period - Shot Blocked by Nick Palmieri.
4:59 of 3rd period - Slapshot by Zenon Konopka.
4:59 of 3rd period - Stopped by Jhonas Enroth with a rebound.
5:28 of 3rd period - Off-side.
5:29 of 3rd period - Peter Mueller wins face-off versus Ryan White in neutral zone.
5:34 of 3rd period - Slapshot by Kyle Quincey.
5:34 of 3rd period - Stopped by Marek Schwarz with a rebound.
5:41 of 3rd period - Icing by Ryan White.
5:42 of 3rd period - Ryan White wins face-off versus Brandon Sutter in Patriotes zone.
5:49 of 3rd period - Wrist shot by Vojtech Polak.
5:49 of 3rd period - Goal by Vojtech Polak - Patriotes : 1 - Sewer Rats : 4.
5:49 of 3rd period - Jason Missiaen enters game.
5:50 of 3rd period - Christian Hanson wins face-off versus Brandon Sutter in neutral zone.
5:59 of 3rd period - Slapshot by Matt Lashoff.
5:59 of 3rd period - Stopped by Jason Missiaen with a rebound.
6:01 of 3rd period - Wrist shot by Vojtech Polak.
6:01 of 3rd period - Stopped by Jason Missiaen without a rebound.
6:02 of 3rd period - Christian Hanson wins face-off versus Brandon Sutter in Patriotes zone.
6:11 of 3rd period - Wrist shot by Brandon Sutter.
6:11 of 3rd period - Shot Blocked by Tyler Myers.
6:15 of 3rd period - Wrist shot by Brandon Sutter.
6:15 of 3rd period - Stopped by Jason Missiaen with a rebound.
6:17 of 3rd period - Slapshot by Matt Lashoff.
6:17 of 3rd period - Sewer Rats goal is going for a video replay.
6:17 of 3rd period - The goal is good.
6:17 of 3rd period - Goal by Matt Lashoff - Patriotes : 1 - Sewer Rats : 5.
6:18 of 3rd period - Christian Hanson wins face-off versus Brandon Sutter in neutral zone.
6:45 of 3rd period - Tim Ramholt is hit by Zenon Konopka and loses puck.
6:52 of 3rd period - Snap shot by Andrew Gordon.
6:52 of 3rd period - Stopped by Jhonas Enroth with a rebound.
7:06 of 3rd period - Slapshot by Ryan Wilson.
7:06 of 3rd period - Stopped by Jhonas Enroth with a rebound.
7:08 of 3rd period - Slapshot by Brett Skinner.
7:08 of 3rd period - Deflect By Dwight King.
7:08 of 3rd period - Stopped by Jhonas Enroth without a rebound.
7:09 of 3rd period - Riley Sheahan wins face-off versus Kyle Turris in Sewer Rats zone.
7:20 of 3rd period - Wrist shot by Dwight King.
7:20 of 3rd period - Deflect By Lauri Tukonen.
7:20 of 3rd period - Stopped by Jhonas Enroth with a rebound.
7:29 of 3rd period - Off-side.
7:30 of 3rd period - Christian Hanson wins face-off versus Brandon Sutter in neutral zone.
8:07 of 3rd period - John-Michael Liles is hit by Dwight King and loses puck.
8:16 of 3rd period - Slapshot by Tim Ramholt.
8:16 of 3rd period - Stopped by Jason Missiaen with a rebound.
8:18 of 3rd period - Snap shot by John-Michael Liles.
8:18 of 3rd period - Stopped by Jason Missiaen without a rebound.
8:19 of 3rd period - Peter Mueller wins face-off versus Andrew Gordon in Patriotes zone.
8:24 of 3rd period - Snap shot by Peter Mueller.
8:24 of 3rd period - Stopped by Jason Missiaen without a rebound.
8:25 of 3rd period - Peter Mueller wins face-off versus Christian Hanson in Patriotes zone.
8:26 of 3rd period - Wrist shot by Mark Mancari.
8:26 of 3rd period - Shot Misses the Net.
8:28 of 3rd period - Slapshot by Kyle Quincey.
8:28 of 3rd period - Shot Blocked by Tyler Myers.
8:30 of 3rd period - Wrist shot by Kyle Quincey.
8:30 of 3rd period - Shot Blocked by Tyler Myers.
8:54 of 3rd period - Slapshot by Kyle Quincey.
8:54 of 3rd period - Goal by Kyle Quincey - Patriotes : 1 - Sewer Rats : 6.
8:55 of 3rd period - Tomas Kurka wins face-off versus Nick Palmieri in neutral zone.
9:47 of 3rd period - Snap shot by John-Michael Liles.
9:47 of 3rd period - Stopped by Jason Missiaen with a rebound.
10:31 of 3rd period - Slapshot by Tomas Kurka.
10:31 of 3rd period - Shot Misses the Net.
10:37 of 3rd period - Minor Penalty to Vojtech Polak for Hooking.
10:38 of 3rd period - Christian Hanson wins face-off versus Nick Palmieri in Sewer Rats zone.
10:47 of 3rd period - Snap shot by Andreas Nodl.
10:47 of 3rd period - Stopped by Jhonas Enroth with a rebound.
12:03 of 3rd period - Derek Dorsett is hit by Ryan Wilson.
12:37 of 3rd period - Penalty to Vojtech Polak is over, Vojtech Polak is back on ice.
13:05 of 3rd period - Off-side.
13:06 of 3rd period - Riley Sheahan wins face-off versus Peter Mueller in neutral zone.
13:11 of 3rd period - Wrist shot by Dwight King.
13:11 of 3rd period - Deflect By Lauri Tukonen.
13:11 of 3rd period - Shot Blocked by Mark Mancari.
13:11 of 3rd period - Puck is out of play.
13:12 of 3rd period - Brandon Sutter wins face-off versus Zenon Konopka in Sewer Rats zone.
13:30 of 3rd period - Andrew Gordon is hit by Brandon Sutter and loses puck.
13:37 of 3rd period - Minor Penalty to Zenon Konopka for Hooking.
13:38 of 3rd period - Andreas Nodl wins face-off versus Brandon Sutter in Patriotes zone.
14:09 of 3rd period - Slapshot by Peter Mueller.
14:09 of 3rd period - Stopped by Jason Missiaen with a rebound.
14:11 of 3rd period - Slapshot by Peter Mueller.
14:11 of 3rd period - Goal by Peter Mueller - Patriotes : 1 - Sewer Rats : 7.
14:12 of 3rd period - Brandon Sutter wins face-off versus Zenon Konopka in neutral zone.
14:21 of 3rd period - Wrist shot by Vojtech Polak.
14:21 of 3rd period - Stopped by Jason Missiaen without a rebound.
14:22 of 3rd period - Brandon Sutter wins face-off versus Zenon Konopka in Patriotes zone.
14:28 of 3rd period - Andrew Gordon is hit by John-Michael Liles.
14:38 of 3rd period - Snap shot by Zenon Konopka.
14:38 of 3rd period - Stopped by Jhonas Enroth without a rebound.
14:39 of 3rd period - Peter Mueller wins face-off versus Christian Hanson in Sewer Rats zone.
15:45 of 3rd period - Minor Penalty to Dwight King for Roughing.
15:46 of 3rd period - Brandon Sutter wins face-off versus Andreas Nodl in Patriotes zone.
16:19 of 3rd period - Wrist shot by Tim Ramholt.
16:19 of 3rd period - Goal by Tim Ramholt - Patriotes : 1 - Sewer Rats : 8.
16:20 of 3rd period - Christian Hanson wins face-off versus Brandon Sutter in neutral zone.
16:36 of 3rd period - Wrist shot by Vojtech Polak.
16:36 of 3rd period - Shot Blocked by Andreas Nodl.
16:47 of 3rd period - Minor Penalty to Patrick Bordeleau for Holding.
16:48 of 3rd period - Tomas Kurka wins face-off versus Brandon Sutter in Sewer Rats zone.
16:51 of 3rd period - Snap shot by Tomas Kurka.
16:51 of 3rd period - Shot Blocked by Tim Ramholt.
16:58 of 3rd period - Off-side.
16:59 of 3rd period - Christian Hanson wins face-off versus Brandon Sutter in neutral zone.
17:06 of 3rd period - Wrist shot by Andreas Nodl.
17:06 of 3rd period - Goal by Andreas Nodl - Patriotes : 2 - Sewer Rats : 8.
17:07 of 3rd period - Vojtech Polak wins face-off versus Christian Hanson in neutral zone.
17:12 of 3rd period - Wrist shot by Brandon Sutter.
17:12 of 3rd period - Deflect By Vojtech Polak.
17:12 of 3rd period - Stopped by Jason Missiaen with a rebound.
17:14 of 3rd period - Wrist shot by Brandon Sutter.
17:14 of 3rd period - Stopped by Jason Missiaen with a rebound.
17:59 of 3rd period - Steven Kampfer is hit by Brett Skinner and loses puck.
18:57 of 3rd period - Brandon Sutter is hit by Zenon Konopka and loses puck.
19:14 of 3rd period - Wrist shot by Nick Palmieri.
19:14 of 3rd period - Stopped by Jason Missiaen with a rebound.
19:16 of 3rd period - Snap shot by Kyle Quincey.
19:16 of 3rd period - Shot Blocked by Brett Skinner.
19:18 of 3rd period - Snap shot by Matt Lashoff.
19:18 of 3rd period - Deflect By Vojtech Polak.
19:18 of 3rd period - Shot Blocked by Ryan Wilson.
19:18 of 3rd period - Puck is out of play.
19:19 of 3rd period - Peter Mueller wins face-off versus Christian Hanson in Patriotes zone.
19:30 of 3rd period - Wrist shot by Tomas Kurka.
19:30 of 3rd period - Stopped by Jhonas Enroth with a rebound.
19:32 of 3rd period - Snap shot by Andreas Nodl.
19:32 of 3rd period - Shot Misses the Net.
19:34 of 3rd period - Snap shot by Christian Hanson.
19:34 of 3rd period - Stopped by Jhonas Enroth with a rebound.
19:44 of 3rd period - Dwight King is hit by Tim Ramholt and loses puck.
19:55 of 3rd period - Slapshot by Jared Boll.
19:55 of 3rd period - Stopped by Jason Missiaen without a rebound.
19:56 of 3rd period - Christian Hanson wins face-off versus Brandon Sutter in Patriotes zone.
19:56 of 3rd period - Christian Hanson is hit by Brandon Sutter.
Goals for this period are 1 for Patriotes vs 5 for Sewer Rats.
Shots for this period are 12 for Patriotes vs 20 for Sewer Rats.
Output by the SimonT Hockey Simulator (STHS) for François Prévost -- Original Page W3C XHTML 1.0 Valid